 Dungeon Crawl Stone Soup version 0.21-a0-404-g291f19a (webtiles) character file.

4 Gorice the Stinger (level 1, 0/15 HPs)
             Began as a Demonspawn Wanderer on Oct 28, 2017.
             Slain by a jackal (3 damage)
             ... on level 1 of the Dungeon.
             The game lasted 00:02:04 (164 turns).

Gorice the Stinger (Demonspawn Wanderer)             Turns: 164, Time: 00:02:05

Health: 0/15       AC:  5    Str: 11    XL:     1   Next: 50%
Magic:  3/3        EV:  9    Int: 12    God:
Gold:   29         SH:  0    Dex: 14    Spells: 4/4 levels left

rFire    . . .     SeeInvis .   d - +0 dagger
rCold    . . .     Gourm    .   (no shield)
rNeg     . . .     Faith    .   b - +0 ring mail
rPois    .         Spirit   .   (no helmet)
rElec    .         Reflect  .   (no cloak)
rCorr    .         Harm     .   (no gloves)
MR       .....                  (no boots)
Stlth    +.........             e - amulet of rage
HPRegen  0.05/turn              (no ring)
MPRegen  0.08/turn              (no ring)

@: berserk cooldown, slowed, very slow
A: no striking features
a: Evoke Berserk Rage


You were on level 1 of the Dungeon.
You were not hungry.

You visited 1 branch of the dungeon, and saw 1 of its levels.

You collected 29 gold pieces.

Inventory:

Hand Weapons
 d - a +0 dagger (weapon)
Missiles
 Y - a throwing net
 Z - 14 stones (quivered)
Armour
 b - a +0 ring mail (worn)
Jewellery
 e - an amulet of rage (around neck)
Potions
 c - a potion of curing
Books
 a - a book of Minor Magic
Comestibles
 f - a bread ration {!e}


   Skills:
 + Level 1.6 Fighting
 - Level 1.7 Throwing
 - Level 1.7 Armour
 - Level 2.0 Spellcasting
   Level 3.0 Poison Magic


You had 4 spell levels left.
You didn't know any spells.

Dungeon Overview and Level Annotations

Branches:
Dungeon (1/15)

Altars:


Message History

The jackal bites you but does no damage.
You barely miss the jackal.
The jackal is moderately wounded.
The jackal bites you.
* * * LOW HITPOINT WARNING * * *
The jackal bites you but does no damage.
Damage: 1 (max 2)
You barely miss the jackal.
The jackal is moderately wounded.
The jackal bites you.
* * * LOW HITPOINT WARNING * * *
Damage: 2 (max 2)
You miss the jackal.
The jackal is moderately wounded.
The jackal bites you but does no damage.
The jackal closely misses you.
You closely miss the jackal.
The jackal is moderately wounded.
The jackal closely misses you. x2
You barely miss the jackal.
The jackal is moderately wounded.
The jackal bites you.
* * * LOW HITPOINT WARNING * * *
The jackal barely misses you.
Damage: 3 (max 3)
You hit the jackal.
You kill the jackal!
The jackal closely misses you.
You puncture the jackal!
You kill the jackal!
Your ring mail prevents you from hitting the jackal.
You closely miss the jackal.
The jackal bites you but does no damage.
You hit the jackal.
The jackal is severely wounded.
The jackal barely misses you.
You puncture the jackal!
You kill the jackal!
You are no longer berserk.
You are exhausted.
You feel yourself slow down.
Damage: 1 (max 3)
You closely miss the jackal.
The jackal bites you but does no damage.
The jackal bites you.
* * * LOW HITPOINT WARNING * * *
Your ring mail prevents you from hitting the jackal.
The jackal bites you but does no damage.
The jackal bites you.
You die...

#....#....≈≈≈≈≈ ≈≈≈
#.# #....≈≈≈≈≈ ≈≈≈
#.# #....≈≈≈#+#+#≈
#.# #....≈≈≈+...##
#.# #....≈≈≈+...#.
#.# #....≈≈≈#'#'#.
#.# ##.....≈≈≈≈#...
#h###....⌠..≈≈≈'.⌠.
#.@......⌠..≈≈≈'.⌠.
######.....≈≈≈≈#...
#....≈≈≈#+###.
#....≈≈≈+...'.
#....≈≈≈+>..##
#....≈≈≈#+#'#≈
#....≈≈≈≈ ≈≈≈≈
#....≈≈≈≈≈≈≈≈≈
##...≈≈≈≈≈≈≈≈≈


You could see a jackal.

Vanquished Creatures
  3 jackals (D:1)
3 creatures vanquished.

Notes
Turn   | Place    | Note
-------+----------+-------------------------------------------
     0 | D:1      | Gorice the Demonspawn Wanderer began the quest for the Orb.
     0 | D:1      | Gorice set off with: a book of Minor Magic, a +0 ring mail, a potion of curing, a +0 dagger, a bread ration {!e}
     0 | D:1      | Reached XP level 1. HP: 15/15 MP: 3/3
   155 | D:1      | HP: 4/22 [jackal (3)]
   163 | D:1      | HP: 3/15 [jackal (1)]
   164 | D:1      | Slain by a jackal

Vault maps used:
D:1:      dpeg_arrival_castle

Action                   || total
-------------------------++-------
Melee: Dagger            ||    34
 Abil: Evoke Berserk Rag ||     1
Armor: Ring mail         ||    28
Dodge: Dodged            ||    28

Table legend:
 A = Spawn XP
 B = Non-spawn XP
 C = Spawn XP percentage of total XP
 D = Spawn monster count
 E = Non-spawn monster count
 F = Spawn count percentage of total count
 G = Total turns spent on level
                    A         B        C        D         E        F      G
               +---------+---------+-------+---------+---------+-------+---------
         Total |       0 |       6 |   0.0 |       0 |       3 |   0.0 |   164
               +---------+---------+-------+---------+---------+-------+---------
           D:1 |       0 |       6 |   0.0 |       0 |       3 |   0.0 |   164
               +---------+---------+-------+---------+---------+-------+---------

Table legend:
 A = Turns spent in this place as a percentage of turns spent in the entire game.
 B = Non-inter-level travel turns spent in this place as a percentage of non-inter-level travel turns spent in the entire game.
 C = Inter-level travel turns spent in this place as a percentage of turns spent in this place.
 D = Turns resting spent in this place as a percentage of non-inter-level travel turns spent in this place.
 E = Turns spent auto-exploring this place as a percentage of non-inter-level travel turns spent in this place.
 F = Non-inter-level travel turns spent in this place divided by the number of levels of this place that you've seen.
                   A       B       C       D       E      F
               +-------+-------+-------+-------+-------+----------------------
         Total | 100.0 | 100.0 |   0.0 |   0.0 |   6.1 | 164.0
       Dungeon | 100.0 | 100.0 |   0.0 |   0.0 |   6.1 | 164.0
               +-------+-------+-------+-------+-------+----------------------

Vault maps used:
D:1:      dpeg_arrival_castle
